[ PARTIDA AOE2 · #495837321 ]
UnrankedMuiscas vs Portuguese
Equipo del jugador · VICT
[ ANÁLISIS DE REPETICIÓN · EXTRAÍDO DE LA PARTIDA GRABADA ]
Feudal
9:16
Castillos
21:00
Imperial
33:29
| APM promedio | 89.3 |
| APM pico | 148 |
| eAPM promedio | 50.1 |
| Aldeanos / militares | 100 / 30 |
Foco
⚔️ 67.5% · 🌾 32.5%
Unknown (2562) ×39 · Monk ×10 · Skirmisher ×9 · Archer ×6 · Trebuchet (Packed) ×4 · Spearman ×1
Feudal
8:50
Castillos
20:25
Imperial
34:21
| APM promedio | 85.2 |
| APM pico | 133 |
| eAPM promedio | 51.9 |
| Aldeanos / militares | 172 / 110 |
Foco
⚔️ 67.3% · 🌾 32.7%
Skirmisher ×72 · Archer ×18 · Knight ×14 · Monk ×3 · Trebuchet (Packed) ×3
Mapa de la partida
Recursos iniciales + cada clic de construcción. Líneas = muros · curvas = relieve. ◆ oro · ⬟ piedra · ● bayas · ✦ reliquia · ◌ hueco del cierre
Tu base· ✓ Cerrada en 21:00 · 51t muro · 1 puerta(s)
Base de SalzZ_wide· Abierta — el rival se encerró
Terreno inicial suavizado · ◌ = hueco del cierre detectado · pasá el cursor para detalles
Inputs por minuto
— Oni.Vinchester - - SalzZ_wide
Build order — Oni.Vinchester
Primeras 150 de 316 acciones detectadas
| 0:00 | Crear | Villager (Male) |
| 0:02 | Construir | House |
| 0:05 | Construir | House |
| 0:21 | Crear | Villager (Male) |
| 0:22 | Crear | Villager (Male) |
| 0:22 | Crear | Villager (Male) |
| 1:22 | Construir | Settlement |
| 1:27 | Crear | Villager (Male) |
| 1:27 | Crear | Villager (Male) |
| 2:01 | Crear | Villager (Male) |
| 2:17 | Crear | Villager (Male) |
| 2:17 | Crear | Villager (Male) |
| 2:54 | Crear | Villager (Male) |
| 2:54 | Crear | Villager (Male) |
| 3:12 | Crear | Villager (Male) |
| 3:12 | Crear | Villager (Male) |
| 3:46 | Crear | Villager (Male) |
| 3:46 | Crear | Villager (Male) |
| 4:29 | Crear | Villager (Male) |
| 4:29 | Crear | Villager (Male) |
| 5:07 | Construir | Settlement |
| 5:20 | Crear | Villager (Male) |
| 5:37 | Crear | Villager (Male) |
| 5:55 | Construir | Settlement |
| 6:06 | Crear | Villager (Male) |
| 6:06 | Investigar | Loom |
| 6:21 | Construir | Palisade Wall |
| 6:23 | Construir | Palisade Wall |
| 6:24 | Construir | Palisade Wall |
| 6:57 | Construir | Palisade Wall |
| 7:01 | Investigar | Feudal Age |
| 7:33 | Construir | Palisade Wall |
| 7:34 | Construir | Palisade Wall |
| 7:54 | Construir | Barracks |
| 8:20 | Construir | House |
| 8:21 | Construir | Palisade Wall |
| 8:22 | Construir | Palisade Wall |
| 9:09 | Crear | Villager (Male) |
| 9:16 | Edad | Edad Feudal |
| 9:17 | Construir | Archery Range |
| 9:17 | Crear | Spearman |
| 9:25 | Crear | Villager (Male) |
| 9:30 | Investigar | Double-Bit Axe |
| 9:30 | Investigar | Double-Bit Axe |
| 9:36 | Construir | House |
| 9:44 | Construir | Palisade Gate |
| 9:51 | Crear | Villager (Male) |
| 9:55 | Construir | House |
| 10:03 | Investigar | Horse Collar |
| 10:03 | Investigar | Horse Collar |
| 10:10 | Construir | Palisade Wall |
| 10:12 | Crear | Archer |
| 10:13 | Crear | Villager (Male) |
| 10:31 | Crear | Archer |
| 10:33 | Crear | Villager (Male) |
| 10:35 | Construir | Farm |
| 10:45 | Construir | Farm |
| 10:56 | Crear | Villager (Male) |
| 10:57 | Construir | House |
| 11:25 | Crear | Villager (Male) |
| 11:29 | Crear | Skirmisher |
| 11:37 | Construir | Blacksmith |
| 11:55 | Construir | Palisade Wall |
| 12:03 | Construir | Farm |
| 12:05 | Crear | Skirmisher |
| 12:07 | Crear | Villager (Male) |
| 12:17 | Crear | Villager (Male) |
| 12:20 | Construir | Palisade Wall |
| 12:27 | Construir | Palisade Wall |
| 12:31 | Investigar | Fletching |
| 12:36 | Construir | Farm |
| 12:37 | Construir | Farm |
| 12:55 | Construir | Farm |
| 13:00 | Crear | Villager (Male) |
| 13:01 | Construir | Farm |
| 13:08 | Crear | Skirmisher |
| 13:21 | Construir | Farm |
| 13:24 | Crear | Villager (Male) |
| 13:34 | Crear | Skirmisher |
| 13:37 | Crear | Archer |
| 13:43 | Construir | House |
| 13:55 | Crear | Villager (Male) |
| 14:01 | Construir | Farm |
| 14:03 | Construir | Farm |
| 14:08 | Crear | Archer |
| 14:13 | Construir | House |
| 14:17 | Construir | House |
| 14:21 | Crear | Villager (Male) |
| 14:33 | Construir | Farm |
| 14:35 | Crear | Archer |
| 14:40 | Crear | Villager (Male) |
| 14:53 | Crear | Villager (Male) |
| 15:10 | Crear | Villager (Male) |
| 15:27 | Crear | Villager (Male) |
| 15:34 | Crear | Skirmisher |
| 15:36 | Construir | Farm |
| 15:38 | Construir | Farm |
| 15:50 | Construir | Palisade Wall |
| 15:56 | Construir | House |
| 15:57 | Construir | House |
| 16:00 | Construir | House |
| 16:01 | Construir | House |
| 16:01 | Construir | House |
| 16:02 | Crear | Villager (Male) |
| 16:12 | Crear | Archer |
| 16:21 | Construir | Palisade Wall |
| 16:37 | Construir | House |
| 16:46 | Crear | Villager (Male) |
| 16:54 | Construir | Market |
| 17:02 | Construir | Market |
| 17:16 | Crear | Villager (Male) |
| 17:48 | Crear | Skirmisher |
| 17:49 | Investigar | Padded Archer Armor |
| 17:52 | Crear | Villager (Male) |
| 17:59 | Crear | Villager (Male) |
| 18:10 | Crear | Skirmisher |
| 18:20 | Investigar | Castle Age |
| 18:20 | Investigar | Castle Age |
| 18:28 | Crear | Skirmisher |
| 19:01 | Crear | Skirmisher |
| 19:13 | Construir | House |
| 19:13 | Construir | House |
| 19:34 | Investigar | Gold Mining |
| 19:34 | Investigar | Gold Mining |
| 19:34 | Investigar | Stone Mining |
| 19:35 | Investigar | Stone Mining |
| 19:57 | Crear | Villager (Male) |
| 20:26 | Construir | Palisade Wall |
| 20:32 | Construir | House |
| 21:00 | Edad | Edad de los Castillos |
| 21:03 | Crear | Villager (Male) |
| 21:07 | Construir | Castle |
| 21:08 | Investigar | Bodkin Arrow |
| 21:18 | Crear | Villager (Male) |
| 21:21 | Investigar | Bow Saw |
| 21:22 | Investigar | Bow Saw |
| 21:23 | Crear | Villager (Male) |
| 21:25 | Construir | Town Center |
| 21:28 | Construir | Monastery |
| 21:52 | Crear | Unit 2562 |
| 21:52 | Crear | Unit 2562 |
| 21:54 | Investigar | Leather Archer Armor |
| 22:01 | Construir | Town Center |
| 22:04 | Crear | Unit 2562 |
| 22:05 | Crear | Villager (Male) |
| 22:10 | Crear | Monk |
| 22:13 | Crear | Unit 2562 |
| 22:13 | Crear | Unit 2562 |
| 22:15 | Crear | Villager (Male) |
| 22:28 | Crear | Unit 2562 |
Build order — SalzZ_wide
Primeras 150 de 426 acciones detectadas
| 0:01 | Crear | Villager (Male) |
| 0:01 | Crear | Villager (Male) |
| 0:01 | Crear | Villager (Male) |
| 0:01 | Crear | Villager (Male) |
| 0:02 | Crear | Villager (Male) |
| 0:02 | Construir | House |
| 0:04 | Construir | House |
| 1:27 | Crear | Villager (Male) |
| 1:27 | Crear | Villager (Male) |
| 1:51 | Construir | Lumber Camp |
| 2:04 | Crear | Villager (Male) |
| 2:04 | Crear | Villager (Male) |
| 2:43 | Crear | Villager (Male) |
| 2:43 | Crear | Villager (Male) |
| 3:11 | Crear | Villager (Male) |
| 3:12 | Construir | House |
| 3:13 | Construir | House |
| 3:21 | Crear | Villager (Male) |
| 3:50 | Crear | Villager (Male) |
| 4:21 | Crear | Villager (Male) |
| 4:22 | Construir | Mill |
| 4:25 | Crear | Villager (Male) |
| 5:16 | Crear | Villager (Male) |
| 5:17 | Crear | Villager (Male) |
| 5:40 | Crear | Villager (Male) |
| 5:47 | Investigar | Loom |
| 6:40 | Investigar | Feudal Age |
| 6:40 | Investigar | Feudal Age |
| 7:31 | Construir | Mining Camp |
| 7:33 | Crear | Villager (Male) |
| 7:51 | Construir | Barracks |
| 8:50 | Edad | Edad Feudal |
| 8:57 | Construir | Archery Range |
| 8:59 | Crear | Villager (Male) |
| 9:04 | Investigar | Double-Bit Axe |
| 9:20 | Investigar | Horse Collar |
| 9:22 | Crear | Villager (Male) |
| 9:25 | Crear | Villager (Male) |
| 9:32 | Crear | Villager (Male) |
| 9:34 | Construir | House |
| 9:54 | Crear | Archer |
| 9:56 | Crear | Villager (Male) |
| 9:58 | Construir | Farm |
| 10:04 | Construir | Farm |
| 10:08 | Crear | Archer |
| 10:10 | Construir | House |
| 10:11 | Crear | Villager (Male) |
| 10:21 | Crear | Villager (Male) |
| 10:37 | Crear | Archer |
| 10:40 | Crear | Villager (Male) |
| 11:07 | Crear | Archer |
| 11:07 | Crear | Villager (Male) |
| 11:11 | Construir | Farm |
| 11:11 | Construir | Farm |
| 11:12 | Construir | Farm |
| 11:13 | Crear | Villager (Male) |
| 11:28 | Construir | House |
| 11:32 | Construir | Farm |
| 11:43 | Crear | Villager (Male) |
| 12:10 | Crear | Archer |
| 12:20 | Construir | Blacksmith |
| 12:24 | Crear | Villager (Male) |
| 12:28 | Investigar | Town Watch |
| 12:28 | Investigar | Town Watch |
| 12:34 | Crear | Archer |
| 12:50 | Crear | Villager (Male) |
| 12:51 | Construir | House |
| 13:10 | Investigar | Fletching |
| 13:14 | Crear | Villager (Male) |
| 13:17 | Construir | Farm |
| 13:17 | Crear | Villager (Male) |
| 13:20 | Construir | House |
| 13:21 | Construir | House |
| 13:22 | Construir | House |
| 13:25 | Crear | Archer |
| 13:28 | Crear | Villager (Male) |
| 13:30 | Construir | House |
| 13:38 | Crear | Skirmisher |
| 13:40 | Crear | Villager (Male) |
| 13:51 | Construir | House |
| 13:53 | Construir | House |
| 13:54 | Construir | House |
| 14:03 | Crear | Villager (Male) |
| 14:14 | Crear | Skirmisher |
| 14:14 | Crear | Villager (Male) |
| 14:32 | Crear | Villager (Male) |
| 14:34 | Construir | House |
| 14:42 | Crear | Archer |
| 14:43 | Crear | Villager (Male) |
| 14:49 | Crear | Villager (Male) |
| 14:52 | Construir | House |
| 14:58 | Crear | Villager (Male) |
| 15:02 | Crear | Villager (Male) |
| 15:03 | Crear | Archer |
| 15:06 | Crear | Villager (Male) |
| 15:09 | Crear | Villager (Male) |
| 15:25 | Construir | House |
| 15:28 | Crear | Archer |
| 15:29 | Crear | Villager (Male) |
| 15:31 | Crear | Villager (Male) |
| 15:32 | Construir | Farm |
| 15:33 | Construir | Farm |
| 15:34 | Construir | Farm |
| 15:42 | Construir | House |
| 15:51 | Crear | Villager (Male) |
| 15:59 | Construir | Farm |
| 16:01 | Crear | Archer |
| 16:03 | Construir | House |
| 16:06 | Crear | Villager (Male) |
| 16:08 | Construir | Farm |
| 16:17 | Construir | Farm |
| 16:21 | Crear | Villager (Male) |
| 16:23 | Construir | House |
| 16:29 | Construir | House |
| 16:31 | Construir | House |
| 16:37 | Crear | Archer |
| 16:43 | Crear | Villager (Male) |
| 16:48 | Construir | House |
| 17:02 | Crear | Villager (Male) |
| 17:06 | Crear | Archer |
| 17:23 | Construir | House |
| 17:28 | Construir | House |
| 17:29 | Construir | Palisade Wall |
| 17:30 | Crear | Villager (Male) |
| 17:36 | Crear | Villager (Male) |
| 17:40 | Construir | House |
| 17:45 | Investigar | Castle Age |
| 18:31 | Crear | Archer |
| 18:33 | Crear | Villager (Male) |
| 18:35 | Construir | Stable |
| 18:37 | Construir | Farm |
| 18:38 | Construir | Farm |
| 18:40 | Construir | Farm |
| 18:41 | Crear | Villager (Male) |
| 18:48 | Crear | Archer |
| 19:04 | Crear | Villager (Male) |
| 19:06 | Construir | House |
| 19:08 | Crear | Archer |
| 19:19 | Crear | Villager (Male) |
| 19:21 | Construir | Farm |
| 19:22 | Construir | Farm |
| 19:22 | Crear | Villager (Male) |
| 19:23 | Construir | Farm |
| 19:28 | Crear | Archer |
| 19:29 | Crear | Villager (Male) |
| 19:42 | Investigar | Scale Barding Armor |
| 19:57 | Crear | Villager (Male) |
| 20:25 | Edad | Edad de los Castillos |
| 20:26 | Investigar | Crossbowman (upgrade) |
| 20:27 | Investigar | Bodkin Arrow |
Cronología de la partida
| 6:21 | Oni.Vinchester · wall_segment Palisade Wall x5 |
| 6:23 | Oni.Vinchester · wall_segment Palisade Wall x3 |
| 6:24 | Oni.Vinchester · wall_segment Palisade Wall x4 |
| 6:57 | Oni.Vinchester · wall_segment Palisade Wall x21 |
| 7:33 | Oni.Vinchester · wall_segment Palisade Wall x1 |
| 7:34 | Oni.Vinchester · wall_segment Palisade Wall x1 |
| 7:51 | SalzZ_wide · first_building Barracks |
| 7:54 | Oni.Vinchester · first_building Barracks |
| 8:21 | Oni.Vinchester · wall_segment Palisade Wall x4 |
| 8:22 | Oni.Vinchester · wall_segment Palisade Wall x1 |
| 8:50 | SalzZ_wide · age_up feudal |
| 8:57 | SalzZ_wide · first_building Archery Range |
| 9:16 | Oni.Vinchester · age_up feudal |
| 9:17 | Oni.Vinchester · first_building Archery Range |
| 10:10 | Oni.Vinchester · wall_segment Palisade Wall x5 |
| 11:55 | Oni.Vinchester · wall_segment Palisade Wall x1 |
| 12:20 | Oni.Vinchester · wall_segment Palisade Wall x2 |
| 12:27 | Oni.Vinchester · wall_segment Palisade Wall x3 |
| 15:50 | Oni.Vinchester · wall_segment Palisade Wall x1 |
| 16:21 | Oni.Vinchester · wall_segment Palisade Wall x1 |
| 17:29 | SalzZ_wide · wall_segment Palisade Wall x1 |
| 18:35 | SalzZ_wide · first_building Stable |
| 20:25 | SalzZ_wide · age_up castle |
| 20:26 | Oni.Vinchester · wall_segment Palisade Wall x1 |
| 21:00 | Oni.Vinchester · age_up castle |
| 21:07 | Oni.Vinchester · first_building Castle |
| 21:28 | Oni.Vinchester · first_building Monastery |
| 21:52 | Oni.Vinchester · first_market_buy 100 wood |
| 24:41 | SalzZ_wide · first_building Monastery |
| 25:00 | Oni.Vinchester · first_market_sell 100 wood |
| 30:55 | SalzZ_wide · first_market_buy 100 food |
| 31:09 | SalzZ_wide · first_market_sell 100 wood |
| 33:29 | Oni.Vinchester · age_up imperial |
| 33:47 | SalzZ_wide · first_building Castle |
| 34:21 | SalzZ_wide · age_up imperial |
| 35:41 | SalzZ_wide · first_building Siege Workshop |
| 36:54 | SalzZ_wide · resign |
[ ANÁLISIS IA · 1 CRÉDITO ]
¿Qué pasó realmente en esta partida?
Wolo.gg analiza cada decisión: build order, eco, micro, errores típicos por bracket. Análisis personalizado por WhatsApp o Discord en 30 segundos.
Guía civ
Muiscas
Perfil
Jugador #271202